 Dungeon Crawl Stone Soup version 0.23.1 (webtiles) character file.

Game seed: 16553415331840131225

123 PentaManta the Ducker (level 5, -3/30 HPs)
             Began as a Kobold Hunter on Mar 17, 2019.
             Slain by a scorpion (5 damage)
             ... on level 4 of the Dungeon.
             The game lasted 00:04:19 (2187 turns).

PentaManta the Ducker (Kobold Hunter)               Turns: 2187, Time: 00:04:20

Health: -3/30      AC:  3    Str: 11    XL:     5   Next: 28%
Magic:  5/5        EV: 17    Int: 12    God:
Gold:   152        SH:  0    Dex: 15    Spells: 4/4 levels left

rFire    . . .     SeeInvis .   b - +0 short sword
rCold    . . .     Gourm    .   (shield restricted)
rNeg     . . .     Faith    .   c - +0 leather armour
rPois    .         Spirit   .   (no helmet)
rElec    .         Reflect  .   (no cloak)
rCorr    .         Harm     .   (no gloves)
MR       .....                  (no boots)
Stlth    ++........             (no amulet)
HPRegen  0.10/turn              (no ring)
MPRegen  0.09/turn              (no ring)

@: no status effects
A: small, carnivore
a: no special abilities


You were on level 4 of the Dungeon.
You were not hungry.

You visited 1 branch of the dungeon, and saw 4 of its levels.

You collected 152 gold pieces.

Inventory:

Hand Weapons
 a - a +1 hand crossbow
 b - a +0 short sword (weapon)
Armour
 c - a +0 leather armour (worn)
Jewellery
 k - an uncursed ring of flight {unknown}
 n - a +2 ring of evasion {unknown}
Scrolls
 e - a scroll of enchant weapon {unknown}
 h - 3 scrolls of teleportation {unknown}
 i - a scroll of amnesia {unknown}
 j - a scroll of fog {unknown}
 m - a scroll of remove curse {unknown}
 o - a scroll of immolation {unknown}
Potions
 l - a potion of lignification {unknown}
 p - a potion of degeneration {unknown}
 q - a potion of ambrosia {unknown}
Comestibles
 f - 7 rations


   Skills:
 + Level 2.2 Fighting
 * Level 4.9 Crossbows
 - Level 0.1 Armour
 + Level 4.9 Dodging
 - Level 4.0 Stealth


You had 4 spell levels left.
You didn't know any spells.
Your spell library was empty.

Dungeon Overview and Level Annotations

Branches:
Dungeon (4/15)
 Temple: D:4-7

Altars:
Ashenzari
Elyvilon
Kikubaaqudgha


Innate Abilities, Weirdness & Mutations

You are small and have problems with some larger weapons.
You are carnivorous and can eat meat at any time.


Message History

You barely miss the scorpion.
The scorpion stings you but does no damage.
You barely miss the scorpion. The scorpion stings you!
* * * LOW HITPOINT WARNING * * *
You are lethally poisoned!
The scorpion poisons you!
Wield which item (- for none, * to show all)? (? for menu, Esc to quit)
Okay, then.
You feel better. The scorpion misses you.
You barely miss the scorpion. The scorpion stings you.
* * * LOW HITPOINT WARNING * * *
You feel better. The scorpion completely misses you.
You hit the scorpion but do no damage. The scorpion completely misses you.
You hit the scorpion but do no damage. The scorpion stings you!
* * * LOW HITPOINT WARNING * * *
The scorpion stings you.
* * * LOW HITPOINT WARNING * * *
There is a stone staircase leading down here.
You open the door. The scorpion stings you.
You die...

#.......###...#####
#....##.##.....##
###..#.##.#.......##
###.#.#..............#
....._.....(.........+
#...#.#.####.........#
#.......# ##.......##
#.......# ##.>s..##
##.....## ##.@.##
##...## ##'## ##.##
#.# #.# #.# #.# ...
... .#.


You could see a scorpion.

Vanquished Creatures
  A hound (D:3)
  2 adders
  2 dart slugs
  2 leopard geckos
  7 orcs (D:3)
  2 giant cockroaches (D:2)
  3 goblins (D:1)
  7 hobgoblins
  3 jackals (D:1)
  7 kobolds
  2 quokkas (D:3)
  9 bats
  5 frilled lizards
  A jackal skeleton (D:4)
  9 rats
  3 rat zombies (D:3)
65 creatures vanquished.

Vanquished Creatures (others)
  An ogre (D:4)
  An orc wizard (D:4)
  A worm (D:4)
3 creatures vanquished.

Grand Total: 68 creatures vanquished

Notes
Turn   | Place    | Note
-------+----------+-------------------------------------------
     0 | D:1      | PentaManta the Kobold Hunter began the quest for the Orb.
     0 | D:1      | Reached XP level 1. HP: 12/12 MP: 1/1
     1 | D:1      | Noticed an electric eel
    80 | D:1      | Reached XP level 2. HP: 17/17 MP: 2/2
   168 | D:1      | Reached XP level 3. HP: 18/21 MP: 3/3
   490 | D:2      | HP: 1/21 [poisoned by an adder]
   796 | D:2      | Reached XP level 4. HP: 26/26 MP: 4/4
  1485 | D:3      | Found a white marble altar of Elyvilon.
  1615 | D:3      | Reached XP level 5. HP: 19/30 MP: 5/5
  1779 | D:3      | Found an ancient bone altar of Kikubaaqudgha.
  2099 | D:4      | Killed an ogre
  2126 | D:4      | Found a shattered altar of Ashenzari.
  2181 | D:4      | HP: 1/30 [scorpion (4)]
  2187 | D:4      | Slain by a scorpion

Skill      XL: |  1  2  3  4  5 |
---------------+----------------+-----
Dodging        | 3 4 |  4.9
Stealth        | 2 3 4 |  4.0
Fighting       | |  2.2
Crossbows      | |  4.9
Armour         | |  0.1

Action                   |  1- 3 |  4- 6 || total
-------------------------+-------+-------++-------
Melee: Short sword       |       |    22 ||    22
 Fire: Hand crossbow     |    76 |    59 ||   135
  Use: Potion            |     1 |     3 ||     4
 Stab: Sleeping          |       |     1 ||     1
  Eat: Chunk             |       |     4 ||     4
Armor: Leather armour    |     7 |     3 ||    10
Dodge: Dodged            |    23 |    29 ||    52
